 Seeded DCSS version 0.28-a0-1038-g9c4cb8273d (webtiles) character file.

Game seed: 20211208 (custom seed)

25 a11behringer the Vexing (level 2, 0/22 HPs)
             Began as a Demigod Arcane Marksman on Dec 8, 2021.
             Slain by a jackal (1 damage)
             ... on level 1 of the Dungeon.
             The game lasted 00:04:46 (690 turns).

a11behringer the Vexing (Demigod Arcane Marksman)    Turns: 690, Time: 00:04:46

Health: 0/22       AC:  2    Str: 11    XL:     2   Next: 63%
Magic:  5/5        EV: 12    Int: 15    God:
Gold:   20         SH:  0    Dex: 14    Spells: 2/3 levels left

rFire   . . .      SeeInvis .   i - +0 short sword
rCold   . . .      Faith    .   (no shield)
rNeg    . . .      Spirit   .   d - +0 robe
rPois   .          Reflect  .   (no helmet)
rElec   .          Harm     .   (no cloak)
rCorr   .          Rampage  .   (no gloves)
Will    .....                   (no boots)
Stlth   +.........              (no amulet)
HPRegen 0.07/turn               (no ring)
MPRegen 0.09/turn               (no ring)

@: no status effects
A: high mp 1, forlorn, divine attributes
a: no special abilities


You were on level 1 of the Dungeon.
You visited 1 branch of the dungeon, and saw 1 of its levels.

You collected 20 gold pieces.

Inventory:

Hand Weapons
 a - a +0 hand crossbow
 i - a +0 short sword (weapon)
Missiles
 c - a bolt
 e - 27 sling bullets
Armour
 d - a +0 robe (worn)
 j - a +0 scale mail
Scrolls
 f - a scroll of amnesia {unknown}
 g - a scroll of teleportation {unknown}
 h - a scroll of identify {unknown}
Potions
 b - 2 potions of heal wounds {unknown}


   Skills:
 + Level 0.8 Fighting
 + Level 2.5 Crossbows
 + Level 1.9 Dodging
 + Level 1.0 Spellcasting
 + Level 3.1 Hexes


You had 2 spell levels left.
You knew the following spells:

 Your Spells              Type           Power      Damage    Failure   Level
a - Slow                  Hex            40%        N/A       7%          1

Your spell library contained the following spells:

 Spells                   Type           Power      Damage    Failure   Level
 Inner Flame              Hex/Fire       5%         N/A       36%         3
 Portal Projectile        Hex/Tloc       10%        N/A       36%         3
 Cause Fear               Hex            5%         N/A       54%         4


Dungeon Overview and Level Annotations

Branches:
Dungeon (1/15)


Innate Abilities, Weirdness & Mutations

You have an increased reservoir of magic. (+10% MP)
You shall have no god before yourself.
Your divine heritage dramatically boosts your attributes as you level up.


Message History

Aim: a jackal (chance to affect: 63%)
The jackal seems to slow down.
i - a +0 short sword (weapon)
You closely miss the jackal. The jackal bites you. x2
You hit the jackal.
The jackal is moderately wounded.
The jackal bites you but does no damage.
The jackal barely misses you.
You closely miss the jackal.
The jackal is lightly wounded.
The jackal closely misses you. x2; The jackal bites you.
You hit the jackal but do no damage.
The jackal is lightly wounded.
The jackal bites you. The jackal closely misses you.
You hit the jackal.
The jackal is moderately wounded.
The jackal bites you. The jackal barely misses you. The jackal bites you.
You hit the jackal.
You kill the jackal!
The jackal bites you.
* * * LOW HITPOINT WARNING * * *
The jackal bites you.
* * * LOW HITPOINT WARNING * * *
The jackal bites you.
* * * LOW HITPOINT WARNING * * *
You hit the jackal.
You kill the jackal!
You hit the jackal but do no damage.
The jackal bites you but does no damage.
The jackal bites you.
* * * LOW HITPOINT WARNING * * *
You hit the jackal.
The jackal is moderately wounded.
The jackal bites you.
* * * LOW HITPOINT WARNING * * *
You closely miss the jackal.
The jackal is moderately wounded.
The jackal bites you but does no damage.
The jackal bites you.
You die...

########### #.# #.........# #.#
#.#######.# #.# ..# #.# #.### ###
#####.# #..)#
#####.....##################.#.#.
.................................
.............#########†#.....#.#.
#####.#........h@....#.#.#####...
# #.....#.#.######.....# ###. #
#####.#.#..# .#.### # # #.#.##.#
#.#.# ## #.#.##.# # #.# .#
#†#.##.#######+## .#
#.#.##..#.......# .#
#.#.###.#......... .#
#.#.###...........


You could see a jackal.

Vanquished Creatures
  A dart slug (D:1)
  2 endoplasms (D:1)
  2 goblins (D:1)
  A hobgoblin (D:1)
  6 jackals (D:1)
  3 kobolds (D:1)
  A ball python (D:1)
  2 bats (D:1)
  A rat (D:1)
19 creatures vanquished.

Notes
Turn   | Place    | Note
-------+----------+-------------------------------------------
     0 | D:1      | a11behringer the Demigod Arcane Marksman began the quest
                  | for the Orb.
     0 | D:1      | Reached XP level 1. HP: 15/15 MP: 4/4
   393 | D:1      | Reached skill level 3 in Hexes
   393 | D:1      | Reached XP level 2. HP: 11/22 MP: 5/5
   689 | D:1      | HP: 1/22 [jackal (3)]
   690 | D:1      | Slain by a jackal

Illustrated notes

Levels and vault maps discovered:
D:1:      sevenhm_arrival_forest_fort_large_2, layout_basic, moated_statue

Skill      XL: |  1 |
---------------+----+-----
Crossbows      | 2 |  2.5
Hexes          | 3 |  3.1
Fighting       | |  0.8
Dodging        | |  1.9
Spellcasting   | |  1.0

Action                   || total
-------------------------++-------
Melee: Short sword       ||    10
 Fire: Hand crossbow     ||    43
 Cast: Slow              ||     4
Armor: Robe              ||     9
Dodge: Dodged            ||    22

Table legend: (Time is in decaauts)
 A = Elapsed time spent in this place.
 B = Non-inter-level travel time spent in this place.
 C = Inter-level travel time spent in this place.
 D = Time resting spent in this place.
 E = Time spent auto-exploring this place.
 F = Levels seen in this place.
 G = Mean time per level.
                   A        B        C        D        E       F      G
               +--------+--------+--------+--------+--------+-----+--------+
         Total |    707 |    462 |    245 |    202 |    123 |   1 |  707.0 |
       Dungeon |    707 |    462 |    245 |    202 |    123 |   1 |  707.0 |
               +--------+--------+--------+--------+--------+-----+--------+

Top non-repeatable levels by time:
     D:1: 707 daAuts
